 Dungeon Crawl Stone Soup version 0.16-a0-3134-g9b1347a (webtiles) character file.

271 Herrn the Skirmisher (level 6, 5/35 HPs)
             Began as a Gargoyle Fighter on Dec 13, 2014.
             Quit the game on level 4 of the Dungeon on Dec 14, 2014.
             The game lasted 00:07:45 (2657 turns).

Herrn the Skirmisher (Gargoyle Fighter)             Turns: 2657, Time: 00:07:45

Health: 5/35       AC: 20    Str: 21    XL:     6   Next: 23%
Magic:  5/5        EV:  6    Int:  9    God:
Gold:   134        SH:  9    Dex:  9    Spells: 0 memorised, 5 levels left

rFire  + . .     SeeInvis .     a - +0 war axe
rCold  + . .     Clarity  .     m - +0 chain mail
rNeg   + . .     SustAb   .     c - +0 shield
rPois  ∞         Gourm    .     e - +0 helmet
rElec  +         Spirit   .     s - +0 cloak
rCorr  +         Warding  .     (no gloves)
rMut   .         Stasis   .     (no boots)
MR     .....                    (no amulet)
Stlth  ..........               (no ring)
                                (no ring)

@: resistant, very slightly contaminated, hasted, very quick, not resistant to
hostile enchantments, extremely unstealthy
A: iridescent scales 1, frail 1, low mp 1, negative energy resistance 1, sense
surroundings 1, electricity resistance, unbreathing, petrification resistance,
rot immunity, MP-powered wands 1, AC +4
a: no special abilities


You were on level 4 of the Dungeon.
You were near starving.

You visited 1 branch of the dungeon, and saw 4 of its levels.

You collected 134 gold pieces.

Inventory:

Hand weapons
 a - a +0 war axe (weapon)
Armour
 c - a +0 shield (worn)
 e - a +0 helmet (worn)
 m - a +0 chain mail (worn)
 s - a +0 cloak (worn)
Scrolls
 b - a scroll of identify {unknown}
 f - a scroll of teleportation {unknown}
 h - a scroll of fog {unknown}
 i - 2 scrolls of remove curse
 j - a scroll of blinking {unknown}
 n - a scroll of fear {unknown}
 o - a scroll of enchant armour {unknown}
 r - a scroll of amnesia {unknown}
Comestibles
 d - 3 bread rations


   Skills:
 * Level 4.6 Fighting
 * Level 3.5 Axes
 + Level 4.5 Armour
 + Level 2.0 Dodging
 - Level 3.2 Shields


You had 5 spell levels left.
You didn't know any spells.

Dungeon Overview and Level Annotations

Branches:
Dungeon (4/15)             Temple (0/1) D:4

Altars:
Gozag


Innate Abilities, Weirdness & Mutations

You are resistant to torment.
You are immune to poison.
Your stone body is very resilient (AC +4).
You resist negative energy.
You are resistant to electric shocks.
You can survive without breathing.
You are immune to petrification.
You are immune to rotting.
You are partially covered in iridescent scales (AC +4).
You are frail (-10% HP).
Your magical capacity is low (-10% MP).
You passively map a small area around you.
You expend magic power (6 MP) to slightly strengthen your wands.


Message History

You kill the orc priest!
Your Dodging skill increases to level 2!
There is a staircase to the Ecumenical Temple here.
Drink which item? (? for menu, Esc to quit)
You feel extremely strange.
Iridescent scales grow over part of your body.
You feel a strange attunement to the structure of the dungeons.
Unknown command.
Drink which item? (? for menu, Esc to quit)
It was a potion of resistance.
You feel protected.
Drink which item? (? for menu, Esc to quit)
It was a potion of haste.
You feel yourself speed up.
You are very lightly contaminated with residual magic.
Drink which item? (? for menu, Esc to quit)
It was a potion of poison.
You feel slightly nauseous.
You start resting.
You are near starving!
Unknown command.
Are you sure you want to abandon this character and quit the game? (Confirm with "yes".)

* , # * * ..#
.. . , *
#...###.##..* *
*
#............#
* ,
...#.#.#.#.#..#
.# *
.............#
.# ,,
.#.#.......#..#
#.. *
........).....#
..# *
#.#...@.).#.#
..
#...../.[...#
###.# ,
#.#.......#.#
#...# *
#...........#
#...#
#.#.#.#.#.#.###
#.†.#
#.............#
##.##
#####.###.##.#
#.# #.
#.##.#####.###
, #.
##.##..........


There were no monsters in sight!

Vanquished Creatures
  A hound (D:4)
  An orc priest (D:4)
  A worker ant (D:3)
  Robin (D:3)
  6 adders
  A giant mite (D:3)
  4 worms
  4 giant geckos
  2 oozes (D:2)
  2 orcs (D:4)
  A ball python (D:3)
  7 bats
  3 giant cockroaches
  17 goblins
  11 hobgoblins
  7 jackals (D:3)
  10 kobolds
  2 giant newts
  6 rats
87 creatures vanquished.

Vanquished Creatures (others)
  A goblin (D:3)
1 creature vanquished.

Grand Total: 88 creatures vanquished

Notes
Turn   | Place    | Note
--------------------------------------------------------------
     0 | D:1      | Herrn, the Gargoyle Fighter, began the quest for the Orb.
     0 | D:1      | Reached XP level 1. HP: 14/14 MP: 1/1
   254 | D:1      | Reached XP level 2. HP: 16/19 MP: 2/2
   944 | D:2      | Reached XP level 3. HP: 12/24 MP: 3/3
  1338 | D:2      | Reached skill level 4 in Fighting
  1389 | D:2      | Reached XP level 4. HP: 22/29 MP: 4/4
  1459 | D:2      | Reached skill level 1 in Dodging
  1996 | D:3      | Reached XP level 5. HP: 28/33 MP: 5/5
  2086 | D:3      | Found an opulent altar of Gozag.
  2091 | D:3      | Noticed Robin
  2098 | D:3      | Killed Robin
  2585 | D:4      | Upgraded the game from 0.16-a0-3115-g4870798 to 0.16-a0-3134-g9b1347a
  2609 | D:4      | Found a staircase to the Ecumenical Temple.
  2620 | D:4      | Gained mutation: Your magical capacity is low (-10% MP). [potion of mutation]
  2620 | D:4      | Gained mutation: You expend magic power (6 MP) to slightly strengthen your wands. [potion of mutation]
  2620 | D:4      | Gained mutation: You are frail (-10% HP). [potion of mutation]
  2629 | D:4      | Reached XP level 6. HP: 10/35 MP: 5/5
  2643 | D:4      | Gained mutation: You are partially covered in iridescent scales (AC +4). [potion of mutation]
  2643 | D:4      | Gained mutation: You passively map a small area around you. [potion of mutation]
  2657 | D:4      | Quit the game

Action                   |  1- 3 |  4- 6 || total
-------------------------+-------+-------++-------
Melee: War axe           |   133 |   199 ||   332
  Use: Potion            |       |     8 ||     8
       Scroll            |       |     1 ||     1
  Eat: Chunk             |     1 |     4 ||     5
